[Event "ICCopen2017"]
[Site "Internet Chess Club"]
[Date "2017.03.25"]
[Round "1"]
[White "kutittaja"]
[Black "jefferyx"]
[Result "0-1"]
[ICCResult "White resigns"]
[WhiteElo "1695"]
[BlackElo "2692"]
[Opening "English opening"]
[ECO "A22"]
[NIC "EO.10"]
[Time "14:03:44"]
[TimeControl "180+0"]

1. c4 e5 2. Nc3 Nf6 3. e4 d6 4. Nge2 g6 5. g3 Bg7 6. Bg2 O-O 7. d3 Re8 8. h3
c6 9. O-O a6 10. Rb1 b5 11. Qc2 Bb7 12. b3 Nbd7 13. Kh2 Rc8 14. f4 d5 15.
Qb2 Nc5 16. Rd1 exf4 17. Bxf4 b4 18. Na4 Nxa4 19. bxa4 Ng4+ 20. hxg4 Bxb2
{White resigns}
0-1

[Event "ICCopen2017"]
[Site "Internet Chess Club"]
[Date "2017.03.25"]
[Round "1"]
[White "TheSettersDad"]
[Black "Palse"]
[Result "0-1"]
[ICCResult "White resigns"]
[WhiteElo "1578"]
[BlackElo "2220"]
[Opening "Nimzo-Indian: Romanishin-Kasparov (Steiner) system"]
[ECO "E20"]
[NIC "NI.29"]
[Time "14:03:25"]
[TimeControl "180+0"]

1. d4 Nf6 2. c4 e6 3. Nc3 Bb4 4. g3 O-O 5. Bg2 d5 6. Nf3 dxc4 7. O-O Nc6 8.
e3 Rb8 9. a3 Bd6 10. e4 e5 11. d5 Na5 12. Bg5 h6 13. Bxf6 Qxf6 14. Qd2 Nb3
15. Qc2 Nxa1 16. Rxa1 Bd7 17. Nd2 b5 18. a4 a6 19. axb5 axb5 20. Ra6 Ra8
{White resigns}
0-1

[Event "ICCopen2017"]
[Site "Internet Chess Club"]
[Date "2017.03.25"]
[Round "1"]
[White "bss2005"]
[Black "Gravity"]
[Result "1-0"]
[ICCResult "Black checkmated"]
[WhiteElo "1784"]
[BlackElo "1066"]
[Opening "French: Paulsen variation"]
[ECO "C10"]
[NIC "FR.04"]
[Time "14:03:14"]
[TimeControl "180+0"]

1. e4 e6 2. d4 d5 3. Nc3 a6 4. e5 Nd7 5. Nf3 b6 6. Bd3 Bb7 7. O-O Bb4 8. Bd2
Bxc3 9. Bxc3 Ne7 10. Bd2 Ng6 11. Ng5 O-O 12. f4 f5 13. Qh5 h6 14. Nxe6 Qh4
15. Qxg6 Rf7 16. Bxf5 Qe7 17. Qh7# {Black checkmated} 1-0

[Event "ICCopen2017"]
[Site "Internet Chess Club"]
[Date "2017.03.25"]
[Round "1"]
[White "Chamanx"]
[Black "eltigrecu"]
[Result "1-0"]
[ICCResult "Black checkmated"]
[WhiteElo "1427"]
[BlackElo "1885"]
[Opening "Sicilian: Pelikan (Lasker/Sveshnikov) variation"]
[ECO "B33"]
[NIC "SI.35"]
[Time "14:03:13"]
[TimeControl "180+0"]

1. e4 c5 2. Nf3 Nc6 3. d4 cxd4 4. Nxd4 Nf6 5. Nc3 e5 6. Nf3 Bb4 7. Bd3 d5 8.
exd5 Nxd5 9. Bd2 Bxc3 10. Bxc3 Nxc3 11. bxc3 O-O 12. O-O Qe7 13. Be4 Bg4 14.
h3 Bh5 15. g4 Bg6 16. Bxc6 bxc6 17. Re1 f6 18. Nh4 Bf7 19. Nf5 Qc5 20. Qf3
Rad8 21. Rad1 Bd5 22. Qg3 Bxa2 23. Rxd8 Rxd8 24. g5 g6 25. Nh6+ Kg7 26.
gxf6+ Kxh6 27. Qh4# {Black checkmated} 1-0

[Event "ICCopen2017"]
[Site "Internet Chess Club"]
[Date "2017.03.25"]
[Round "1"]
[White "A-Frhat"]
[Black "xvs"]
[Result "1-0"]
[ICCResult "Black resigns"]
[WhiteElo "2317"]
[BlackElo "1605"]
[Opening "Sicilian: Labourdonnais-Löwenthal (Kalashnikov) variation"]
[ECO "B32"]
[NIC "SI.32"]
[Time "14:03:28"]
[TimeControl "180+0"]

1. e4 c5 2. Nf3 Nc6 3. d4 cxd4 4. Nxd4 e5 5. Nb5 d6 6. c4 a6 7. N5a3 Nf6 8.
Nc3 Be7 9. Nc2 O-O 10. Be2 Be6 11. O-O Rb8 12. b3 b5 13. cxb5 axb5 14. Bxb5
Nd4 15. Nxd4 exd4 16. Qxd4 Qb6 17. Qxb6 Rxb6 18. Be3 Rb7 19. f3 d5 20. Bc6
Rc7 21. exd5 Bf5 22. Rac1 Bb4 23. Rfd1 Rd8 24. Bb6 Rcc8 25. Bxd8 Bc5+ 26.
Kh1 Rxd8 27. Ne4 Nxe4 28. fxe4 Ba3 29. exf5 Bxc1 30. Rxc1 Kf8 31. b4 g6 32.
b5 gxf5 33. b6 Ke7 34. b7 Kd6 35. a4 Rb8 36. a5 {Black resigns} 1-0

[Event "ICCopen2017"]
[Site "Internet Chess Club"]
[Date "2017.03.25"]
[Round "1"]
[White "Nakia"]
[Black "Kastor"]
[Result "0-1"]
[ICCResult "White resigns"]
[WhiteElo "1713"]
[BlackElo "2781"]
[Opening "Sicilian: Alapin's variation (2.c3)"]
[ECO "B22"]
[NIC "SI.47"]
[Time "14:03:14"]
[TimeControl "180+0"]

1. e4 c5 2. c3 Nf6 3. e5 Nd5 4. d4 cxd4 5. c4 Nb6 6. Qxd4 Nc6 7. Qf4 e6 8.
a3 d6 9. Nf3 Be7 10. h4 dxe5 11. Nxe5 Nxe5 12. Qxe5 O-O 13. Nc3 Nd7 14. Qg3
Nc5 15. Bh6 Bf6 16. Rd1 Qe7 17. Nd5 exd5+ 18. Kd2 Ne4+ {White resigns} 0-1

[Event "ICCopen2017"]
[Site "Internet Chess Club"]
[Date "2017.03.25"]
[Round "1"]
[White "Falstaf"]
[Black "floyd76"]
[Result "1-0"]
[ICCResult "Black resigns"]
[WhiteElo "2891"]
[BlackElo "1719"]
[Opening "Caro-Kann: two knights variation"]
[ECO "B11"]
[NIC "CK.01"]
[Time "14:04:51"]
[TimeControl "180+0"]

1. e4 c6 2. Nc3 d5 3. Nf3 dxe4 4. Nxe4 Nf6 5. Qe2 Bf5 6. d3 e6 7. Bd2 Be7 8.
O-O-O O-O 9. h3 a5 10. g4 Bxe4 11. dxe4 a4 12. e5 Nd5 13. c4 Nb4 14. Bxb4
Bxb4 15. Rxd8 {Black resigns} 1-0

[Event "ICCopen2017"]
[Site "Internet Chess Club"]
[Date "2017.03.25"]
[Round "1"]
[White "Baltimora"]
[Black "arbuzio"]
[Result "1-0"]
[ICCResult "Black resigns"]
[WhiteElo "2292"]
[BlackElo "1601"]
[Opening "Queen's pawn: Charlick (Englund) gambit"]
[ECO "A40"]
[NIC "QO.17"]
[Time "14:04:51"]
[TimeControl "180+0"]

1. d4 e5 2. dxe5 d6 3. Nf3 f6 4. e6 Bxe6 5. Nc3 Nc6 6. e4 Bg4 7. Be3 Qd7 8.
Be2 a6 9. h3 Be6 10. Qd2 Nge7 11. Nd5 g5 12. Nxf6+ {Black resigns} 1-0

[Event "ICCopen2017"]
[Site "Internet Chess Club"]
[Date "2017.03.25"]
[Round "1"]
[White "intermaster"]
[Black "Dupinpon"]
[Result "1-0"]
[ICCResult "Black resigns"]
[WhiteElo "2214"]
[BlackElo "1576"]
[Opening "Caro-Kann: Tartakower (Nimzovich) variation"]
[ECO "B15"]
[NIC "CK.06"]
[Time "14:04:13"]
[TimeControl "180+0"]

1. e4 c6 2. d4 d5 3. Nc3 dxe4 4. Nxe4 Nf6 5. Nxf6+ exf6 6. Nf3 Bd6 7. c3 O-O
8. Be2 Qc7 9. O-O Nd7 10. h3 c5 11. Be3 cxd4 12. Nxd4 Ne5 13. Nb5 Qe7 14.
Qxd6 Qe8 15. Nc7 {Black resigns} 1-0

[Event "ICCopen2017"]
[Site "Internet Chess Club"]
[Date "2017.03.25"]
[Round "1"]
[White "Huty"]
[Black "BronStorm"]
[Result "0-1"]
[ICCResult "White checkmated"]
[WhiteElo "1372"]
[BlackElo "1898"]
[Opening "Queen's Indian defense"]
[ECO "E12"]
[NIC "QI.02"]
[Time "14:04:04"]
[TimeControl "180+0"]

1. d4 Nf6 2. Nf3 e6 3. c4 b6 4. Bg5 Bb7 5. e3 h6 6. Bh4 Be7 7. Bd3 Ne4 8.
Bxe7 Qxe7 9. Qc2 f5 10. O-O O-O 11. h3 d6 12. Nbd2 Nxd2 13. Nxd2 Nd7 14. f4
e5 15. dxe5 dxe5 16. fxe5 Qxe5 17. Rae1 Nc5 18. Be2 Qxe3+ 19. Kh1 Qxh3+ 20.
Kg1 Qxg2# {White checkmated} 0-1

[Event "ICCopen2017"]
[Site "Internet Chess Club"]
[Date "2017.03.25"]
[Round "1"]
[White "Zelos"]
[Black "LeonieHelm"]
[Result "1-0"]
[ICCResult "Black resigns"]
[WhiteElo "2409"]
[BlackElo "1619"]
[Opening "Ruy Lopez: 5.O-O"]
[ECO "C78"]
[NIC "RL.12"]
[Time "14:03:27"]
[TimeControl "180+0"]

1. e4 e5 2. Nf3 Nc6 3. Bb5 a6 4. Ba4 Nf6 5. O-O b5 6. Bb3 Be7 7. d3 O-O 8.
a4 Bb7 9. Nc3 b4 10. Ne2 d5 11. exd5 Nxd5 12. Ng3 Kh8 13. Re1 Bf6 14. Bd2
Re8 15. Ne4 Nd4 16. Nxd4 exd4 17. Qh5 g6 18. Qh3 Bc8 19. Qf3 Kg7 20. Nxf6
Rxe1+ 21. Rxe1 Qxf6 22. Bxd5 Rb8 23. Bh6+ {Black resigns} 1-0

[Event "ICCopen2017"]
[Site "Internet Chess Club"]
[Date "2017.03.25"]
[Round "1"]
[White "FlyCatcher"]
[Black "iliketal"]
[Result "1-0"]
[ICCResult "Black checkmated"]
[WhiteElo "2403"]
[BlackElo "1611"]
[Opening "Sicilian: Alapin's variation (2.c3)"]
[ECO "B22"]
[NIC "SI.46"]
[Time "14:03:48"]
[TimeControl "180+0"]

1. e4 c5 2. c3 e6 3. d4 d5 4. exd5 exd5 5. Nf3 Nf6 6. Bd3 Be7 7. O-O O-O 8.
h3 Nc6 9. Be3 b6 10. Re1 h6 11. Nbd2 Be6 12. Nf1 Re8 13. Ng3 Qc7 14. Qd2 Kh8
15. Bxh6 cxd4 16. Bxg7+ Kxg7 17. Qg5+ Kf8 18. Qh6+ Kg8 19. Ng5 Qf4 20. Bh7+
Kh8 21. Rxe6 fxe6 22. Nf7# {Black checkmated} 1-0

[Event "ICCopen2017"]
[Site "Internet Chess Club"]
[Date "2017.03.25"]
[Round "1"]
[White "Kronus"]
[Black "Voltage"]
[Result "0-1"]
[ICCResult "White checkmated"]
[WhiteElo "1643"]
[BlackElo "2509"]
[Opening "Sicilian: Smith-Morra gambit"]
[ECO "B21"]
[NIC "SI.48"]
[Time "14:03:18"]
[TimeControl "180+0"]

1. e4 c5 2. d4 cxd4 3. c3 dxc3 4. Nxc3 Nc6 5. Nf3 d6 6. Bc4 Nf6 7. O-O a6 8.
Bg5 Bg4 9. Qb3 e6 10. Qxb7 Na5 11. Qb4 Nxc4 12. Qxc4 Bxf3 13. gxf3 Be7 14.
Qc6+ Kf8 15. Rad1 Qc8 16. Qa4 h6 17. Be3 g6 18. Ne2 Kg7 19. Nf4 g5 20. Nh3
e5 21. Kg2 g4 22. Ng1 gxf3+ 23. Nxf3 Qg4+ 24. Kh1 Qxf3+ 25. Kg1 Kh7 26. Bg5
Rhg8 27. Rd3 Rxg5# {White checkmated} 0-1

[Event "ICCopen2017"]
[Site "Internet Chess Club"]
[Date "2017.03.25"]
[Round "1"]
[White "ziggyalbert"]
[Black "FredDoof"]
[Result "1-0"]
[ICCResult "Black resigns"]
[WhiteElo "1309"]
[BlackElo "1804"]
[Opening "English opening"]
[ECO "A10"]
[NIC "EO.64"]
[Time "14:04:07"]
[TimeControl "180+0"]

1. c4 g6 2. Nc3 Bg7 3. g3 Nf6 4. Bg2 O-O 5. Nf3 d6 6. O-O e5 7. d3 Nc6 8.
Nd2 Be6 9. Nde4 Nxe4 10. Nxe4 h6 11. b3 f5 12. Nc3 e4 13. Nd5 Bxa1 14. dxe4
Bg7 15. exf5 Bxf5 16. Re1 Nd4 17. e4 Be6 18. Nf4 Bd7 19. Nxg6 Re8 20. Bxh6
Qf6 21. Bxg7 Kxg7 22. Nf4 c6 23. Nh5+ Kg6 24. Nxf6 Kxf6 25. Qxd4+ Ke7 26. e5
{Black resigns}
1-0

[Event "ICCopen2017"]
[Site "Internet Chess Club"]
[Date "2017.03.25"]
[Round "1"]
[White "Revolutions"]
[Black "Cramagica"]
[Result "1-0"]
[ICCResult "Black checkmated"]
[WhiteElo "1803"]
[BlackElo "1095"]
[Opening "Scotch game"]
[ECO "C45"]
[NIC "SO.04"]
[Time "14:04:08"]
[TimeControl "180+0"]

1. e4 e5 2. Nf3 Nc6 3. d4 exd4 4. Nxd4 Nxd4 5. Qxd4 Nf6 6. Bg5 Qe7 7. Bd3 d6
8. O-O Be6 9. Nc3 O-O-O 10. Qxa7 h6 11. Qa8+ Kd7 12. Qxb7 Ke8 13. Bb5+ Bd7
14. Nd5 Qxe4 15. Nxf6+ gxf6 16. Qxe4+ Be7 17. Bxf6 Bxb5 18. Qxe7#
{Black checkmated}
1-0

[Event "ICCopen2017"]
[Site "Internet Chess Club"]
[Date "2017.03.25"]
[Round "1"]
[White "Xadrez47"]
[Black "flashlight"]
[Result "0-1"]
[ICCResult "White resigns"]
[WhiteElo "1487"]
[BlackElo "2053"]
[Opening "Blackmar-Diemer gambit"]
[ECO "D00"]
[NIC "QP.07"]
[Time "14:03:59"]
[TimeControl "180+0"]

1. d4 Nf6 2. Nc3 d5 3. e4 dxe4 4. f3 exf3 5. Nxf3 Bf5 6. Bc4 e6 7. O-O c6 8.
Nh4 Bg4 9. Qd3 Be7 10. Bg5 Nbd7 11. Qg3 Bh5 12. Bd3 O-O 13. Bh6 Bg6 14. Nxg6
hxg6 15. Bxg6 fxg6 16. Qxg6 Rf7 17. Ne4 Nf8 18. Nxf6+ Bxf6 19. Qg4 Qxd4+ 20.
Qxd4 Bxd4+ 21. Kh1 Rxf1+ 22. Rxf1 gxh6 {White resigns} 0-1

[Event "ICCopen2017"]
[Site "Internet Chess Club"]
[Date "2017.03.25"]
[Round "1"]
[White "Darnoc"]
[Black "jabulina"]
[Result "1-0"]
[ICCResult "Black resigns"]
[WhiteElo "2913"]
[BlackElo "1723"]
[Opening "Benoni defense"]
[ECO "A61"]
[NIC "BI.38"]
[Time "14:03:51"]
[TimeControl "180+0"]

1. d4 Nf6 2. c4 c5 3. d5 e6 4. Nc3 exd5 5. cxd5 Bd6 6. Nf3 O-O 7. Bg5 h6 8.
Bh4 Re8 9. e3 Bc7 10. d6 Ba5 11. Bc4 b5 12. Bd5 Nc6 13. O-O a6 14. Ne4 g5
15. Nfxg5 Nxe4 16. Qh5 Nxg5 17. Qg6+ Kf8 18. Qxh6+ Kg8 19. Bxg5 {Black
resigns} 1-0

[Event "ICCopen2017"]
[Site "Internet Chess Club"]
[Date "2017.03.25"]
[Round "1"]
[White "ural"]
[Black "Mandragora"]
[Result "1-0"]
[ICCResult "Black checkmated"]
[WhiteElo "2423"]
[BlackElo "1621"]
[Opening "Sicilian defense"]
[ECO "B20"]
[NIC "SI.48"]
[Time "14:03:24"]
[TimeControl "180+0"]

1. e4 c5 2. b3 e5 3. Bb2 Bd6 4. f4 Nc6 5. Nf3 f6 6. Bc4 Nge7 7. fxe5 Nxe5 8.
Nxe5 Bxe5 9. Bxe5 fxe5 10. Qh5+ Ng6 11. O-O Qe7 12. Bf7+ Qxf7 13. Rxf7 Kxf7
14. Nc3 d6 15. Rf1+ Ke8 16. Nd5 Kd8 17. Qg5+ Kd7 18. Rf7+ Kc6 19. Rc7+ Kb5
20. Qe3 a5 21. Qd3+ c4 22. Qxc4# {Black checkmated} 1-0

[Event "ICCopen2017"]
[Site "Internet Chess Club"]
[Date "2017.03.25"]
[Round "1"]
[White "Siryk"]
[Black "ComeonJimtal"]
[Result "1-0"]
[ICCResult "Black resigns"]
[WhiteElo "3020"]
[BlackElo "1740"]
[Opening "Queen's Indian: 4.g3 Bb7"]
[ECO "E15"]
[NIC "QI.06"]
[Time "14:04:34"]
[TimeControl "180+0"]

1. d4 e6 2. c4 Nf6 3. Nf3 b6 4. g3 Bb7 5. Bg2 d5 6. Ne5 Nbd7 7. Nc3 Nxe5 8.
dxe5 Ng4 9. cxd5 Bc5 10. Qa4+ Kf8 11. Qxg4 {Black resigns} 1-0

[Event "ICCopen2017"]
[Site "Internet Chess Club"]
[Date "2017.03.25"]
[Round "1"]
[White "Aravind"]
[Black "checkmatiste"]
[Result "1-0"]
[ICCResult "Black resigns"]
[WhiteElo "2202"]
[BlackElo "1533"]
[Opening "Queen's bishop game"]
[ECO "D02"]
[NIC "QP.08"]
[Time "14:03:44"]
[TimeControl "180+0"]

1. d4 d5 2. Nf3 Nf6 3. Bf4 Bf5 4. c4 c6 5. Qb3 Qb6 6. c5 Qxb3 7. axb3 Nbd7
8. e3 Nh5 9. Bc7 e6 10. h3 Be7 11. g4 Bd8 12. Bxd8 Kxd8 13. gxh5 Ke7 14. Nc3
a6 15. Be2 f6 16. b4 e5 17. Kd2 e4 18. Nh4 Be6 19. Bg4 Rhg8 20. Rhg1 g6 21.
Bxe6 Kxe6 22. hxg6 hxg6 23. Nxg6 Rg7 24. Nf4+ Kf7 25. Rxg7+ Kxg7 26. Rg1+
Kf7 27. h4 Rh8 28. h5 Nf8 29. Nce2 Nh7 30. Ng3 Ng5 31. Ke2 Nf3 32. Rh1 Rh6
33. Nf5 Rh8 34. h6 Ng5 35. Rh4 Ne6 36. Nxe6 Kxe6 37. Rh5 Kf7 38. f3 Kg6 39.
Ng3 Rxh6 40. Rxh6+ Kxh6 41. fxe4 dxe4 42. Nxe4 Kg6 43. Nd6 f5 44. Nxb7 Kf6
45. Nd8 Kg5 46. Nxc6 Kg4 47. Ne5+ Kg5 48. c6 Kf6 49. c7 Ke7 50. c8=Q
{Black resigns}
1-0

[Event "ICCopen2017"]
[Site "Internet Chess Club"]
[Date "2017.03.25"]
[Round "1"]
[White "AnthonyRaelund"]
[Black "BryanL"]
[Result "0-1"]
[ICCResult "White resigns"]
[WhiteElo "1439"]
[BlackElo "1998"]
[Opening "English: symmetrical, main line with d3"]
[ECO "A15"]
[NIC "EO.64"]
[Time "14:03:52"]
[TimeControl "180+0"]

1. c4 Nf6 2. g3 g6 3. Bg2 Bg7 4. Nc3 O-O 5. d3 c5 6. Nf3 Nc6 7. O-O d5 8.
cxd5 Nxd5 9. Bd2 h6 10. Rb1 Be6 11. a3 Rc8 12. h3 b6 13. Kh2 Qd7 14. Nxd5
Bxd5 15. Bc3 Nd4 16. b4 Nxf3+ 17. Bxf3 Bxc3 18. Bxd5 Qxd5 19. bxc5 Rxc5 20.
e4 Qd7 21. f4 Rd8 22. Rf3 Bg7 23. e5 Rc3 24. Rb3 Rxb3 25. Qxb3 e6 26. a4 Qd5
27. Qa3 Qxf3 {White resigns} 0-1

[Event "ICCopen2017"]
[Site "Internet Chess Club"]
[Date "2017.03.25"]
[Round "1"]
[White "Indiana-Jones"]
[Black "chigato"]
[Result "1-0"]
[ICCResult "Black resigns"]
[WhiteElo "2778"]
[BlackElo "1710"]
[Opening "Réti opening"]
[ECO "A11"]
[NIC "QP.11"]
[Time "14:05:02"]
[TimeControl "180+0"]

1. Nf3 c6 2. c4 d5 3. cxd5 cxd5 4. d4 Nc6 5. Nc3 f6 6. Bf4 Be6 7. e3 Qd7 8.
h3 Bf7 9. Rc1 e6 10. Bb5 Nge7 11. O-O Nc8 12. e4 Be7 13. exd5 exd5 14. Na4
O-O 15. Re1 Re8 16. Nc5 Bxc5 17. Rxe8+ Bxe8 18. dxc5 N8e7 19. Nd4 Bf7 20.
Bd6 Nc8 21. Bg3 a6 22. Ba4 N8a7 23. b4 Re8 24. a3 Qc8 25. Kh2 Rf8 26. Bc2
Ne5 27. Nf5 Nac6 28. Nd6 Qd7 29. Bb3 Nc4 30. Nxc4 dxc4 31. Qxd7 {Black
resigns} 1-0

[Event "ICCopen2017"]
[Site "Internet Chess Club"]
[Date "2017.03.25"]
[Round "1"]
[White "TZ700A"]
[Black "pagoda"]
[Result "0-1"]
[ICCResult "White resigns"]
[WhiteElo "1292"]
[BlackElo "1839"]
[Opening "Philidor's defense"]
[ECO "C41"]
[NIC "KP.10"]
[Time "14:03:56"]
[TimeControl "180+0"]

1. e4 e5 2. Nf3 d6 3. Bc4 Be7 4. O-O Nf6 5. Nc3 O-O 6. d4 exd4 7. Nxd4 c5 8.
Nf5 Bxf5 9. exf5 Nc6 10. Bg5 Nd4 11. Bd3 d5 12. Ne2 Nxe2+ 13. Bxe2 Re8 14.
Bf3 Ne4 15. Bxe7 Rxe7 16. Bxe4 Rxe4 17. Re1 Rxe1+ 18. Qxe1 Qf6 19. Qe3 b6
20. Qf3 Qxb2 21. Qxd5 Qxa1+ {White resigns} 0-1

[Event "ICCopen2017"]
[Site "Internet Chess Club"]
[Date "2017.03.25"]
[Round "1"]
[White "ZavenGrozny"]
[Black "shirovinster"]
[Result "1-0"]
[ICCResult "Black resigns"]
[WhiteElo "3136"]
[BlackElo "1820"]
[Opening "Sicilian: Najdorf, Byrne (English) attack"]
[ECO "B90"]
[NIC "SI.14"]
[Time "14:04:32"]
[TimeControl "180+0"]

1. e4 c5 2. Nf3 d6 3. d4 cxd4 4. Nxd4 Nf6 5. Nc3 a6 6. Be3 Ng4 7. Bg5 h6 8.
Bh4 g5 9. Bg3 Bg7 10. Be2 h5 11. Bxg4 Bxg4 12. f3 Bd7 13. Bf2 Nc6 14. Qd2 h4
15. O-O-O Qa5 16. Kb1 Rc8 17. Rhe1 Qb4 18. a3 Qa5 19. Be3 g4 20. f4 g3 21.
h3 b5 22. e5 b4 23. axb4 Nxb4 24. Nb3 Qc7 25. exd6 exd6 26. Bb6+ {Black
resigns} 1-0

[Event "ICCopen2017"]
[Site "Internet Chess Club"]
[Date "2017.03.25"]
[Round "1"]
[White "jjimalo"]
[Black "HuevosDeLeon"]
[Result "0-1"]
[ICCResult "White resigns"]
[WhiteElo "1676"]
[BlackElo "2608"]
[Opening "Scandinavian defense"]
[ECO "B01"]
[NIC "SD.01"]
[Time "14:04:09"]
[TimeControl "180+0"]

1. e4 d5 2. exd5 Qxd5 3. Nc3 Qa5 4. d4 Nf6 5. Nf3 Bf5 6. Bc4 e6 7. O-O Bb4
8. Bd2 Nc6 9. a3 Bxc3 10. Bxc3 Qb6 11. h3 O-O 12. Qd2 Rad8 13. Rad1 Ne4 14.
Qe3 Nxc3 15. bxc3 Qa5 16. Nh4 Bxc2 17. Rd2 Bg6 18. Nxg6 hxg6 19. Rb1 b6 20.
Qe4 Ne7 21. Bd3 Qxc3 22. Rc2 Qxd4 23. Qe2 Qxd3 {White resigns} 0-1

[Event "ICCopen2017"]
[Site "Internet Chess Club"]
[Date "2017.03.25"]
[Round "1"]
[White "GoyTurk"]
[Black "ramezsamir"]
[Result "0-1"]
[ICCResult "White resigns"]
[WhiteElo "1445"]
[BlackElo "1948"]
[Opening "Mieses opening"]
[ECO "A00"]
[NIC "VO.13"]
[Time "14:03:11"]
[TimeControl "180+0"]

1. d3 d5 2. g3 Nf6 3. Bg2 c6 4. Nf3 Bf5 5. O-O e6 6. Re1 h6 7. Nbd2 Bh7 8.
e4 dxe4 9. dxe4 Nxe4 10. Qe2 Nxd2 11. Bxd2 Be7 12. Bc3 O-O 13. Rad1 Qc8 14.
Ne5 Bf6 15. f4 a5 16. Be4 Bxe4 17. Qxe4 Rd8 18. Rxd8+ Qxd8 19. Nxf7 Kxf7 20.
Qxe6+ Kf8 21. Bxf6 gxf6 22. Re3 Na6 23. Kg2 Qd5+ 24. Qxd5 cxd5 25. Re7 Kxe7
{White resigns}
0-1

[Event "ICCopen2017"]
[Site "Internet Chess Club"]
[Date "2017.03.25"]
[Round "1"]
[White "ASidorov"]
[Black "Magagna"]
[Result "1-0"]
[ICCResult "Black checkmated"]
[WhiteElo "2351"]
[BlackElo "1610"]
[Opening "French: Rubinstein variation"]
[ECO "C10"]
[NIC "FR.07"]
[Time "14:03:59"]
[TimeControl "180+0"]

1. e4 e6 2. d4 d5 3. Nc3 dxe4 4. Nxe4 Nd7 5. Nf3 Ngf6 6. Nxf6+ Nxf6 7. Bc4
Be7 8. O-O Bd7 9. Qe2 Bc6 10. Rd1 O-O 11. Ne5 Bd5 12. Bd3 Rc8 13. c4 Bc6 14.
Nxc6 bxc6 15. b3 Qd6 16. Bb2 Rfd8 17. Qf3 c5 18. dxc5 Qxc5 19. h3 a5 20. a3
Qb6 21. Bc2 Rd6 22. Qc3 Rcd8 23. Rxd6 Rxd6 24. c5 Nd5 25. Qxg7#
{Black checkmated}
1-0

[Event "ICCopen2017"]
[Site "Internet Chess Club"]
[Date "2017.03.25"]
[Round "1"]
[White "searchforbobby1"]
[Black "mongmong"]
[Result "1-0"]
[ICCResult "Black resigns"]
[WhiteElo "1877"]
[BlackElo "1356"]
[Opening "French: Winawer, advance variation"]
[ECO "C16"]
[NIC "FR.09"]
[Time "14:04:25"]
[TimeControl "180+0"]

1. e4 e6 2. d4 d5 3. Nc3 Bb4 4. e5 Ne7 5. Bd2 Bxc3 6. Bxc3 c5 7. f4 cxd4 8.
Bxd4 Nbc6 9. Nf3 Nxd4 10. Nxd4 Bd7 11. c3 Nc6 12. Be2 Nxd4 13. Qxd4 O-O 14.
O-O Rc8 15. Rf3 Qc7 16. Rh3 Qc5 17. Rd1 Qxd4+ 18. Rxd4 Rc7 19. g4 Rfc8 20.
Rf3 g6 21. Rf1 Kg7 22. Rfd1 b6 23. Kf2 a5 24. Ke3 Bc6 25. R1d2 Bd7 26. h4 h6
27. Bf3 Bc6 28. Be2 Bb7 29. Bd3 Rc5 30. Rf2 R8c7 31. f5 exf5 32. gxf5 gxf5
33. Rxf5 Bc8 34. Rf6 Be6 35. Rg4+ Kf8 36. Rgf4 Ke7 37. Rxh6 Rc8 38. Kd4 Rg8
39. Rh7 Rg2 40. h5 Rxb2 41. h6 Rh2 42. Rh8 b5 43. h7 b4 44. Kxc5 {Black
resigns} 1-0

[Event "ICCopen2017"]
[Site "Internet Chess Club"]
[Date "2017.03.25"]
[Round "1"]
[White "BurninggIce"]
[Black "mrneale"]
[Result "1-0"]
[ICCResult "Black checkmated"]
[WhiteElo "1737"]
[BlackElo "1069"]
[Opening "Nimzo-Indian: Kmoch variation"]
[ECO "E20"]
[NIC "NI.30"]
[Time "14:04:34"]
[TimeControl "180+0"]

1. d4 Nf6 2. c4 e6 3. Nc3 Bb4 4. f3 d5 5. a3 Bxc3+ 6. bxc3 O-O 7. e3 c6 8.
cxd5 cxd5 9. Bd3 Nc6 10. Ne2 a6 11. O-O b5 12. e4 dxe4 13. fxe4 Ne7 14. Bg5
Ng6 15. e5 h6 16. Bxf6 gxf6 17. Rxf6 Bb7 18. Nf4 Qc7 19. Qg4 Kh7 20. Nxg6
Rg8 21. Nf8+ Kh8 22. Rxh6# {Black checkmated} 1-0

[Event "ICCopen2017"]
[Site "Internet Chess Club"]
[Date "2017.03.25"]
[Round "1"]
[White "alejandrorios"]
[Black "Kjaan1974"]
[Result "1-0"]
[ICCResult "Black resigns"]
[WhiteElo "1892"]
[BlackElo "1386"]
[Opening "Robatsch defense: two knights variation"]
[ECO "B06"]
[NIC "KF.05"]
[Time "14:04:20"]
[TimeControl "180+0"]

1. e4 g6 2. d4 Bg7 3. Nc3 d6 4. Nf3 e6 5. Bg5 Ne7 6. Qd2 f6 7. Bh6 O-O 8.
Bxg7 Kxg7 9. h4 f5 10. h5 f4 11. hxg6 Nxg6 12. O-O-O d5 13. Bd3 Qf6 14. Rh2
c6 15. Rdh1 Rh8 16. exd5 exd5 17. Ne5 Bf5 18. Bxf5 Qxf5 19. Rh5 Qf6 20. Nxg6
Qxg6 21. Qxf4 h6 22. Qc7+ Kf6 23. Qxb7 Nd7 24. Qxc6+ Ke7 25. Qxg6
{Black resigns}
1-0

[Event "ICCopen2017"]
[Site "Internet Chess Club"]
[Date "2017.03.25"]
[Round "1"]
[White "Fight-Chess"]
[Black "M-Ezat"]
[Result "0-1"]
[ICCResult "White resigns"]
[WhiteElo "1618"]
[BlackElo "2248"]
[Opening "Caro-Kann: Steinitz variation"]
[ECO "B17"]
[NIC "CK.05"]
[Time "14:04:09"]
[TimeControl "180+0"]

1. e4 c6 2. d4 d5 3. Nc3 dxe4 4. Nxe4 Nd7 5. Qe2 Ndf6 6. Nf3 Nxe4 7. Qxe4
Nf6 8. Qd3 e6 9. Bg5 Be7 10. O-O-O O-O 11. c4 b5 12. Qc2 a5 13. Bd3 bxc4 14.
Bxc4 Ba6 15. Ne5 Qc7 16. h4 c5 17. Bxa6 Rxa6 18. Bf4 Nd5 19. Bg3 Qb7 20. Kb1
c4 21. Nxc4 Rc8 22. Qe2 Nc3+ {White resigns} 0-1

[Event "ICCopen2017"]
[Site "Internet Chess Club"]
[Date "2017.03.25"]
[Round "1"]
[White "Gruble"]
[Black "Maxbet"]
[Result "0-1"]
[ICCResult "White resigns"]
[WhiteElo "1719"]
[BlackElo "2851"]
[Opening "Benko's opening"]
[ECO "A00"]
[NIC "VO.09"]
[Time "14:03:33"]
[TimeControl "180+0"]

1. g3 Nf6 2. Bg2 d5 3. c4 c6 4. cxd5 cxd5 5. Nf3 Nc6 6. O-O e5 7. d3 Be7 8.
Nc3 O-O 9. e4 d4 10. Nd5 Nxd5 11. exd5 Qxd5 12. Ng5 Qd6 13. Qh5 Qg6 14. Qxg6
hxg6 15. Ne4 Nb4 16. Rd1 Be6 17. a3 Nc2 18. Rb1 Ba2 19. Bd2 Bxb1 20. Rxb1
Rac8 21. Rc1 b5 22. Bh3 f5 23. Ng5 b4 24. Ne6 Rf6 25. Ng5 bxa3 26. bxa3 Bxa3
27. Rb1 Rb6 {White resigns} 0-1